 Dungeon Crawl Stone Soup version 0.28.0-43-g3370ac3207 (webtiles) character file.

Game seed: 17024707903055281482

1004 jimonade the Basher (level 8, -10/58 HPs)
             Began as a Gnoll Wanderer on Mar 15, 2022.
             Killed from afar by a steam dragon (16 damage)
             ... with a ball of steam
             ... on level 6 of the Dungeon.
             The game lasted 00:18:09 (5156 turns).

jimonade the Basher (Gnoll Wanderer)                Turns: 5156, Time: 00:18:09

Health: -10/58     AC: 12    Str: 18    XL:     8   Next: 20%
Magic:  14/14      EV: 11    Int: 10    God:
Gold:   307        SH:  0    Dex: 15    Spells: 14/15 levels left

rFire   . . .      SeeInvis .   a - +2 mace
rCold   . . .      Faith    .   (no shield)
rNeg    . . .      Spirit   .   r - +0 scale mail
rPois   .          Reflect  .   (no helmet)
rElec   .          Harm     .   (no cloak)
rCorr   .          Rampage  .   (no gloves)
Will    .....                   i - +0 pair of boots
Stlth   +.........              (no amulet)
HPRegen 0.19/turn               k - +6 ring of dexterity
MPRegen 0.14/turn               o - +4 ring of protection

@: no status effects
A: fangs 1, strong nose, distributed training
a: no special abilities


You were on level 6 of the Dungeon.
You visited 1 branch of the dungeon, and saw 6 of its levels.

You collected 307 gold pieces.

Inventory:

Hand Weapons
 a - a +2 mace (weapon)
 c - a +0 dagger
 l - a +0 hunting sling
 p - a +0 halberd
 q - a +0 long sword
 s - a +0 trident of protection
Missiles
 b - 8 boomerangs (quivered)
 j - 116 stones
 x - 3 silver boomerangs
 F - 26 arrows
 G - 14 sling bullets
Armour
 d - a +0 leather armour
 i - a +0 pair of boots (worn)
 r - a +0 scale mail (worn)
 C - a +1 leather armour of poison resistance
Jewellery
 k - a +6 ring of dexterity (left hand)
 n - a +6 ring of dexterity
 o - a +4 ring of protection (right hand)
 D - a ring of poison resistance
Scrolls
 f - 2 scrolls of enchant armour {unknown}
 g - 2 scrolls of vulnerability {unknown}
 m - a scroll of holy word {unknown}
 t - a scroll of enchant weapon {unknown}
 u - a scroll of fear {unknown}
 v - a scroll of silence {unknown}
 w - a scroll of identify
 y - 5 scrolls of immolation {unknown}
 B - 3 scrolls of teleportation {unknown}
 E - a scroll of blinking {unknown}
Potions
 e - a potion of degeneration
 h - 2 potions of flight
 z - a potion of lignification {unknown}
 A - a potion of magic {unknown}


   Skills:
 + Level 3.0 Fighting
 + Level 3.0 Short Blades
 + Level 3.0 Long Blades
 + Level 3.0 Axes
 + Level 9.1 Maces & Flails
 + Level 3.0 Polearms
 + Level 3.0 Staves
 + Level 3.0 Slings
 + Level 3.0 Bows
 + Level 3.0 Crossbows
 + Level 4.0 Throwing
 + Level 4.0 Armour
 + Level 3.0 Dodging
 + Level 3.9 Stealth
 + Level 3.0 Shields
 + Level 3.0 Unarmed Combat
 + Level 4.2 Spellcasting
 + Level 2.4 Conjurations
 + Level 2.4 Hexes
 + Level 2.4 Summonings
 + Level 2.4 Necromancy
 + Level 4.6 Translocations
 + Level 2.4 Transmutations
 + Level 2.4 Fire Magic
 + Level 2.4 Ice Magic
 + Level 2.4 Air Magic
 + Level 2.4 Earth Magic
 + Level 2.4 Poison Magic
 + Level 3.3 Invocations
 + Level 3.0 Evocations


You had 14 spell levels left.
You knew the following spells:

 Your Spells              Type           Power      Damage    Failure   Level
a - Apportation           Tloc           22%        N/A       12%         1

Your spell library contained the following spells:

 Spells                   Type           Power      Damage    Failure   Level
 Magic Dart               Conj           28%        1d4       26%         1
 Teleport Other           Tloc           11%        N/A       34%         3
 Searing Ray              Conj           14%        2d5       38%         2
 Fulminant Prism          Conj/Hex       3%         3d6       95%         4


Dungeon Overview and Level Annotations

Branches:
Dungeon (6/15)             Temple (0/1) D:5

Altars:
Ru


Innate Abilities, Weirdness & Mutations

You have very sharp teeth.
Your uncanny sense of smell can sniff out nearby items.
Your experience applies equally to all skills.


Message History

The steam dragon is moderately wounded.
The steam dragon breathes steam at you. The ball of steam hits you!
You barely miss the steam dragon. Your bite misses the steam dragon.
The steam dragon is moderately wounded.
You are engulfed in a cloud of scalding steam.
The steam dragon bites you but does no damage.
The steam dragon misses you.
You closely miss the steam dragon.
You bite the steam dragon, but do no damage.
The steam dragon is moderately wounded.
You are engulfed in a cloud of scalding steam.
The steam dragon completely misses you. The steam dragon closely misses you.
You hit the steam dragon but do no damage.
The steam dragon is moderately wounded.
The steam dragon bites you but does no damage.
The steam dragon claws you but does no damage.
You hit the steam dragon.
The steam dragon is moderately wounded.
The steam dragon breathes steam at you. The ball of steam misses you.
You hit the steam dragon but do no damage.
The steam dragon is moderately wounded.
You are engulfed in a cloud of scalding steam.
The steam dragon bites you but does no damage.
The steam dragon claws you but does no damage.
You barely miss the steam dragon.
The steam dragon is moderately wounded.
You are engulfed in a cloud of scalding steam.
* * * LOW HITPOINT WARNING * * *
The steam dragon bites you but does no damage.
The steam dragon claws you.
* * * LOW HITPOINT WARNING * * *
You closely miss the steam dragon.
The steam dragon is moderately wounded.
You are engulfed in a cloud of scalding steam.
* * * LOW HITPOINT WARNING * * *
The steam dragon breathes steam at you. The ball of steam hits you!
You die...

##.##.# #.[##.#
#÷###.# #.# #§# #.#
#.# #.# #§# #.# #.#
#.# #§# #.# #@# #.#
#D# #.# #.# # # #.#
#.# .#.#
#######.###.##...#
##...........#..#
##..............#
#...............####
#..........D.........


You could see a steam dragon (catching breath).

Vanquished Creatures
  Sigmund (D:6)
  Eustachio (D:4)
  An ice beast (D:5)
  A hornet zombie (D:6)
  A necrophage (D:6)
  2 hounds (D:5)
  A jelly (D:6)
  A centaur zombie (D:6)
  2 iguanas
  4 orc wizards
  2 gnolls (D:2)
  6 adders
  2 worms
  2 dart slugs
  9 orcs
  5 bats
  8 endoplasms
  3 giant cockroaches
  6 hobgoblins
  3 jackals (D:3)
  3 quokkas
  5 ball pythons
  3 frilled lizards (D:1)
  10 goblins
  10 kobolds
  4 rats
96 creatures vanquished.

Notes
Turn   | Place    | Note
-------+----------+-------------------------------------------
     0 | D:1      | jimonade the Gnoll Wanderer began the quest for the Orb.
     0 | D:1      | jimonade set off with the following items: a +2 mace, 10
                  | boomerangs, a +0 dagger, a +0 leather armour; and the
                  | following spell memorised: Apportation; and the following
                  | spells available to memorise: Teleport Other
     0 | D:1      | Reached XP level 1. HP: 13/13 MP: 4/4
   259 | D:1      | Found a faded altar of an unknown god.
   343 | D:1      | Reached XP level 2. HP: 19/19 MP: 5/5
   897 | D:2      | Reached XP level 3. HP: 25/25 MP: 7/7
  1246 | D:2      | Reached skill level 1 in Invocations
  1250 | D:2      | Reached skill level 1 in Fighting
  1250 | D:2      | Reached skill level 1 in Short Blades
  1250 | D:2      | Reached skill level 1 in Long Blades
  1250 | D:2      | Reached skill level 1 in Axes
  1250 | D:2      | Reached skill level 1 in Polearms
  1250 | D:2      | Reached skill level 1 in Staves
  1250 | D:2      | Reached skill level 1 in Slings
  1250 | D:2      | Reached skill level 1 in Bows
  1250 | D:2      | Reached skill level 1 in Crossbows
  1250 | D:2      | Reached skill level 1 in Dodging
  1250 | D:2      | Reached skill level 1 in Shields
  1250 | D:2      | Reached skill level 1 in Unarmed Combat
  1250 | D:2      | Reached skill level 1 in Evocations
  1390 | D:2      | Reached XP level 4. HP: 32/32 MP: 8/8
  2160 | D:3      | Reached skill level 1 in Conjurations
  2160 | D:3      | Reached skill level 1 in Hexes
  2160 | D:3      | Reached skill level 1 in Summonings
  2160 | D:3      | Reached skill level 1 in Necromancy
  2160 | D:3      | Reached skill level 1 in Transmutations
  2160 | D:3      | Reached skill level 1 in Fire Magic
  2160 | D:3      | Reached skill level 1 in Ice Magic
  2160 | D:3      | Reached skill level 1 in Air Magic
  2160 | D:3      | Reached skill level 1 in Earth Magic
  2160 | D:3      | Reached skill level 1 in Poison Magic
  2175 | D:3      | Reached XP level 5. HP: 23/37 MP: 9/9
  2458 | D:3      | You fall into a shaft and drop 1 floor!
  2713 | D:4      | Noticed Eustachio
  2733 | D:5      | Entered Level 5 of the Dungeon
  2863 | D:5      | Found a staircase to the Ecumenical Temple.
  2864 | D:5      | Noticed an ice beast
  2879 | D:5      | Killed an ice beast
  2880 | D:5      | Reached XP level 6. HP: 28/44 MP: 9/11
  2900 | D:4      | Killed Eustachio
  2901 | D:4      | Reached XP level 7. HP: 8/50 MP: 12/12
  4491 | D:5      | Found a sacrificial altar of Ru.
  4817 | D:6      | Reached skill level 9 in Maces & Flails
  4940 | D:6      | Reached XP level 8. HP: 54/57 MP: 14/14
  4999 | D:6      | Noticed Sigmund
  5065 | D:6      | Killed Sigmund
  5156 | D:6      | Killed from afar by a steam dragon

Illustrated notes

Levels and vault maps discovered:
D:1:      kilobyte_arrival_exit_the_forest, layout_rooms,
          hellmonk_ecumenical_altar_leap_of_faith, minmay_split_cup_small
D:2:      layout_basic
D:3:      layout_basic
D:4:      layout_cave_pools, serial_column_ruins, column_ruins_hut,
          column_ruins_open_small, column_ruins_columns_straight,
          column_ruins_corridor_T, column_ruins_open_medium,
          column_ruins_open_tiny, uniq_eustachio
D:5:      layout_loops_ring, nicolae_ru_great_annihilating_truth,
          minmay_temple_entry_stoned_glass, cheibrodos_sewer_entry_sluice,
          serial_park_tiny_pond
D:6:      layout_rooms, uniq_sigmund

Skill      XL: |  1  2  3  4  5  6  7  8 |
---------------+-------------------------+-----
Invocations    | 1 2 3 |  3.3
Fighting       | 1 2 3 |  3.0
Short Blades   | 1 2 3 |  3.0
Long Blades    | 1 2 3 |  3.0
Axes           | 1 2 3 |  3.0
Polearms       | 1 2 3 |  3.0
Staves         | 1 2 3 |  3.0
Slings         | 1 2 3 |  3.0
Bows           | 1 2 3 |  3.0
Crossbows      | 1 2 3 |  3.0
Dodging        | 1 2 3 |  3.0
Shields        | 1 2 3 |  3.0
Unarmed Combat | 1 2 3 |  3.0
Evocations     | 1 2 3 |  3.0
Spellcasting   | 3 4 |  4.2
Conjurations   | 1 2 |  2.4
Hexes          | 1 2 |  2.4
Summonings     | 1 2 |  2.4
Necromancy     | 1 2 |  2.4
Transmutations | 1 2 |  2.4
Fire Magic     | 1 2 |  2.4
Ice Magic      | 1 2 |  2.4
Air Magic      | 1 2 |  2.4
Earth Magic    | 1 2 |  2.4
Poison Magic   | 1 2 |  2.4
Throwing       | 3 4 |  4.0
Armour         | 3 4 |  4.0
Translocations | 4 |  4.6
Stealth        | 3 |  3.9
Maces & Flails | 9 |  9.1

Action                   |  1- 3 |  4- 6 |  7- 9 || total
-------------------------+-------+-------+-------++-------
Melee: Mace              |    61 |   105 |   119 ||   285
       Bite              |     1 |    11 |    12 ||    24
       Punch             |       |     3 |     4 ||     7
Throw: Boomerang         |    17 |    21 |    28 ||    66
  Use: Scroll            |       |     3 |       ||     3
       Potion            |       |     1 |       ||     1
 Stab: Sleeping          |     2 |       |       ||     2
       Paralysed         |       |       |     1 ||     1
Armor: Leather armour    |    25 |     4 |       ||    29
       Scale mail        |       |    35 |    47 ||    82
Dodge: Dodged            |    40 |    64 |    41 ||   145
